 Dungeon Crawl Stone Soup version 0.29-a0-563-g64e4043184 (webtiles) character file.

Game seed: 3286992641167151561

4460 dolemite99 the Cleaver (level 10, -2/84 HPs)
             Began as a Hill Orc Fighter on June 11, 2022.
             Was a Follower of Beogh.
             Slain by an orc knight
             ... wielding a +0 glaive
              (11 damage)
             ... in a bailey.
             The game lasted 00:13:15 (9673 turns).

dolemite99 the Cleaver (Hill Orc Fighter)           Turns: 9673, Time: 00:13:15

Health: -2/84      AC: 15    Str: 24    XL:     10   Next: 37%
Magic:  9/14       EV: 10    Int:  8    God:    Beogh [*.....]
Gold:   456        SH:  5    Dex: 12    Spells: 9/9 levels left

rFire   . . .      SeeInvis +   a - +4 war axe
rCold   . . .      Faith    .   c - +0 buckler
rNeg    . . .      Spirit   .   f - +0 plate armour
rPois   +          Reflect  .   (no helmet)
rElec   .          Harm     .   (no cloak)
rCorr   .          Rampage  .   E - +0 pair of gloves
Will    .....                   t - +0 pair of boots
Stlth   ..........              (no amulet)
HPRegen 0.24/turn               v - ring of see invisible
MPRegen 0.14/turn               r - +4 ring of evasion

@: no status effects
A: thin skeletal structure 1, low MP 1, mutation resistance 1, poison resistance
a: Renounce Religion


You were in a bailey.
You worshipped Beogh.
Beogh was aware of your devotion.
You visited 1 branch of the dungeon, and saw 9 of its levels.
You also visited: Sewer and Bailey.

You collected 456 gold pieces.

Inventory:

Hand Weapons
 a - a +4 war axe (weapon)
 b - a +0 battleaxe
 n - a +0 morningstar
 B - a +0 shortbow of freezing
Missiles
 x - 3 poisoned darts (quivered)
Armour
 c - a +0 buckler (worn)
 f - a +0 plate armour (worn)
 g - a +0 kite shield
 t - a +0 pair of boots (worn)
 C - a +1 plate armour of willpower
 E - a +0 pair of gloves (worn)
 F - the +10 tower shield of Ignorance {rN+ Int-4}
   (You took it off an orc warrior in a bailey)

   Int:       It affects your intelligence (-4).
   rN:        It protects you from negative energy.
Jewellery
 r - a +4 ring of evasion (right hand)
 v - a ring of see invisible (left hand)
 y - an amulet of magic regeneration
Wands
 h - a wand of charming (7)
 k - a wand of iceblast (19)
 u - a wand of paralysis (11)
Scrolls
 e - 3 scrolls of teleportation
 i - a scroll of magic mapping
 m - 2 scrolls of fog
Potions
 j - a potion of lignification {unknown}
 l - a potion of mutation
 o - a potion of cancellation {unknown}
 p - 7 potions of flight
 q - 2 potions of ambrosia
 w - 3 potions of curing
 z - 2 potions of brilliance
 A - 2 potions of invisibility {unknown}
 D - a potion of magic {unknown}
Miscellaneous
 d - a tin of tremorstones (2/2)


   Skills:
 + Level 6.8 Fighting
 - Level 13.6 Axes
 - Level 6.8 Armour
 - Level 6.0 Shields
 - Level 8.0 Invocations


You had 9 spell levels left.
You didn't know any spells.
Your spell library contained the following spells:

 Spells                   Type           Power      Damage    Failure   Level
 Apportation              Tloc           0%         N/A       100%        1
 Magic Dart               Conj           0%         1d3       100%        1
 Necrotize                Necr           0%         1d4       100%        1
 Summon Small Mammal      Summ           0%         N/A       100%        1
 Call Imp                 Summ           0%         N/A       100%        2
 Call Canine Familiar     Summ           0%         N/A       100%        3
 Mephitic Cloud           Conj/Pois/Air  0%         N/A       100%        3
 Portal Projectile        Hex/Tloc       0%         N/A       100%        3
 Summon Guardian Golem    Hex/Summ       0%         N/A       100%        3
 Leda's Liquefaction      Hex/Erth       0%         N/A       100%        4


Dungeon Overview and Level Annotations

Branches:
Dungeon (9/15)             Temple (0/1) D:4           Sewer (visited)
 Bailey (1/1)
   Lair: D:8-11         Orc: D:9-12

Altars:
Nemelex Xobeh
Uskayaw
Xom

Annotations:
D:4 exclusion: oklob sapling


Innate Abilities, Weirdness & Mutations

You have a somewhat thin skeletal structure. (Dex +2, Stealth+)
Your magical capacity is low. (-10% MP)
You are somewhat resistant to further mutation.
Your system is resistant to poisons. (rPois)


Message History

The orc knight barely misses you.
You hit the orc knight.
The orc knight is almost dead.
The orc knight misses you.
You hit the orc knight.
The orc knight is almost dead.
You hit the orc knight.
The orc knight is almost dead.
You block the orc knight's attack.
You hit the orc knight but do no damage.
The orc knight is almost dead.
The orc knight hits you but does no damage.
You closely miss the orc knight.
The orc knight is almost dead.
The orc knight barely misses you.
You closely miss the orc knight.
The orc knight is almost dead.
You block the orc knight's attack.
You closely miss the orc knight.
The orc knight is almost dead.
The orc knight hits you with a +0 glaive!!
You closely miss the orc knight.
The orc knight is almost dead.
The orc knight completely misses you.
You slash the orc knight!
The orc knight is almost dead.
You closely miss the orc knight.
The orc knight is almost dead.
The orc knight hits you with a +0 glaive!!
* * * LOW HITPOINT WARNING * * *
You feel much better. The orc knight barely misses you.
You hit the orc knight.
The orc knight is almost dead.
The orc knight hits you with a +0 glaive!
* * * LOW HITPOINT WARNING * * *
You closely miss the orc knight.
The orc knight is almost dead.
The orc knight hits you with a +0 glaive!
You die...
Beogh appreciates the orc knight's killing of a heretic priest.

.≈≈.....≈≈..##
#).≈≈..########## ##
##..≈≈.)........#
##.∩.##..≈≈≈≈))≈≈≈≈.# #....
##.)..))....≈.#
#####'###'#########.≈.#
#.....§...## ##.≈.# #
..≈≈≈≈§≈≈..## ##..≈.# ##
.§≈.....§≈@.## ##..≈≈.# .#
....⌠∩§...o..#'#..≈≈.∩# .#+#
≈≈...⌠.).§≈..#'#..≈≈)## ##.##
.≈≈.....≈≈..##.##..)≈.# #.$.#
.§≈≈≈.≈≈≈..'#...##..).# .$$
#.........##.....##.≈.#
###########'#############.≈.#
.......## .. ##.......)).≈.#
)≈≈≈≈≈..##[[ ##..≈≈≈≈≈≈)≈≈≈.#


You could see an orc knight.

Vanquished Creatures
  An orc knight (Bailey)
  Psyche (D:8)
  A hornet (D:6)
  2 water moccasins
  8 orc warriors
  3 sky beasts
  4 ice beasts
  A black bear (D:8)
  A centaur (D:9)
  A phantom (D:4)
  A bullfrog (D:8)
  A gnoll sergeant (D:5)
  A scorpion (D:5)
  4 wights (D:7)
  3 howler monkeys
  6 hounds
  3 jellies
  A gnoll shaman (D:8)
  2 orc priests
  4 iguanas
  8 orc wizards
  Natasha (twice) (D:3 D:2)
  A merfolk siren (Sewer)
  A merfolk avatar (Sewer)
  10 gnolls
  10 adders
  4 river rats (Sewer)
  A white imp (D:6)
  2 ufetubi
  A worm (D:2)
  A dart slug (D:3)
  43 orcs
  6 bats
  6 endoplasms
  5 giant cockroaches
  10 goblins
  8 hobgoblins
  6 jackals (D:2)
  7 kobolds
  6 quokkas
  15 ball pythons
  11 frilled lizards
  27 rats
240 creatures vanquished.

Vanquished Creatures (others)
  An orc (D:3)
  26 plants
27 creatures vanquished.

Grand Total: 267 creatures vanquished

Notes
Turn   | Place    | Note
-------+----------+-------------------------------------------
     0 | D:1      | dolemite99 the Hill Orc Fighter began the quest for the
                  | Orb.
     0 | D:1      | Reached XP level 1. HP: 19/19 MP: 1/1
    28 | D:1      | Reached skill level 3 in Axes
   154 | D:1      | Reached XP level 2. HP: 26/26 MP: 2/2
   168 | D:1      | Reached skill level 4 in Axes
   324 | D:1      | Found a faded altar of an unknown god.
   516 | D:2      | Reached XP level 3. HP: 29/31 MP: 3/3
   660 | D:2      | Reached skill level 5 in Axes
   823 | D:2      | Reached XP level 4. HP: 39/39 MP: 4/4
  1261 | D:3      | Noticed Natasha
  1268 | D:3      | Killed Natasha
  1269 | D:3      | Reached skill level 6 in Axes
  1319 | D:3      | Noticed Natasha
  1343 | D:2      | Gained mutation: Your magical capacity is low. (-10% MP)
                  | [potion of mutation]
  1343 | D:2      | Gained mutation: You have a somewhat thin skeletal
                  | structure. (Dex +2, Stealth+) [potion of mutation]
  1343 | D:2      | Gained mutation: Your system is resistant to poisons.
                  | (rPois) [potion of mutation]
  1343 | D:2      | Gained mutation: You are somewhat resistant to further
                  | mutation. [potion of mutation]
  1344 | D:2      | Killed Natasha
  1345 | D:2      | Reached XP level 5. HP: 12/45 MP: 4/4
  1801 | D:3      | Found a glowing drain.
  1804 | D:3      | Reached skill level 7 in Axes
  1814 | Sewer    | Entered a sewer
  1977 | Sewer    | Reached skill level 8 in Axes
  1977 | Sewer    | Reached XP level 6. HP: 47/51 MP: 5/5
  2582 | D:3      | Became a worshipper of Beogh the Brigand
  3180 | D:5      | Entered Level 5 of the Dungeon
  3235 | D:4      | Reached skill level 9 in Axes
  3390 | D:4      | Found a sparkling altar of Nemelex Xobeh.
  3512 | D:4      | Reached * piety under Beogh
  3536 | D:4      | Reached XP level 7. HP: 50/57 MP: 6/6
  3661 | D:4      | Reached skill level 10 in Axes
  3773 | D:4      | Found a shimmering altar of Xom.
  3803 | D:4      | Found a staircase to the Ecumenical Temple.
  3996 | D:4      | Found a hide-covered altar of Uskayaw.
  4550 | D:5      | Reached skill level 11 in Axes
  4665 | D:5      | Reached XP level 8. HP: 37/64 MP: 7/7
  5486 | D:5      | Reached skill level 12 in Axes
  5912 | D:6      | Reached skill level 13 in Axes
  5913 | D:6      | Reached ** piety under Beogh
  6597 | D:6      | Reached skill level 5 in Armour
  6597 | D:6      | Reached XP level 9. HP: 70/70 MP: 8/8
  6772 | D:6      | Noticed a hornet
  6810 | D:6      | Killed a hornet
  7216 | D:7      | Reached skill level 5 in Fighting
  7496 | D:7      | Reached skill level 1 in Invocations
  7881 | D:8      | Noticed Psyche
  7892 | D:8      | Killed Psyche
  7893 | D:8      | Reached skill level 5 in Invocations
  8541 | D:8      | Reached XP level 10. HP: 82/82 MP: 14/14
  8845 | D:9      | Found a flagged portal.
  8860 | Bailey   | Entered a bailey
  8923 | Bailey   | Reached skill level 5 in Shields
  9065 | Bailey   | Noticed an orc knight
  9373 | Bailey   | Noticed an orc knight
  9399 | Bailey   | Killed an orc knight
  9670 | Bailey   | HP: 3/84 [orc knight/+0 glaive (28)]
  9673 | Bailey   | Slain by an orc knight

Illustrated notes

Levels and vault maps discovered:
D:1:      roderic_crop_circles_arrival_small, layout_rooms,
          hellmonk_ecumenical_altar_leap_of_faith, lemuel_another_geyser
D:2:      wad_pebble_path, layout_loops_cross, minmay_tripent
D:3:      minmay_general_purpose_star, layout_basic, portal_sewer_entry_a,
          uniq_natasha
D:4:      layout_loops_ring, nemelex_diamond_rough_becter,
          mainiacjoe_overflow_surrounded_room, mainiacjoe_overflow_alcove_1,
          minmay_temple_entry_oklob
D:5:      layout_loops_cross
D:6:      layout_loops_ring
D:7:      layout_basic, hex_intersection
D:8:      layout_rooms, grunt_decor_mini_mirrors, uniq_psyche
D:9:      layout_roguey, makhleb_altar_promises_db, lair_entry_dummy,
          enter_bailey_3, uniq_harold
Bailey:   bailey_polearm_1, bailey

Skill      XL: |  1  2  3  4  5  6  7  8  9 10 |
---------------+-------------------------------+-----
Axes           | 3 4 5 6 8 9 11 13 | 13.6
Armour         | 5 6 |  6.8
Fighting       | 5 6 |  6.8
Invocations    | 8 |  8.0
Shields        | 6 |  6.0

Action                   |  1- 3 |  4- 6 |  7- 9 | 10-12 || total
-------------------------+-------+-------+-------+-------++-------
Melee: War axe           |    84 |   180 |   279 |    88 ||   631
Throw: Dart              |       |     8 |    37 |     8 ||    53
Invok: Convert to Beogh  |       |     1 |       |       ||     1
       Smiting           |       |       |       |    10 ||    10
  Use: Potion            |       |     4 |     3 |     5 ||    12
       Scroll            |       |     6 |     8 |     2 ||    16
Armor: Scale mail        |    12 |       |       |       ||    12
       Plate armour      |    75 |   118 |   124 |    36 ||   353
Dodge: Dodged            |    38 |    43 |    73 |    58 ||   212
Block: Buckler           |    29 |    33 |    47 |    28 ||   137

Table legend: (Time is in decaauts)
 A = Elapsed time spent in this place.
 B = Non-inter-level travel time spent in this place.
 C = Inter-level travel time spent in this place.
 D = Time resting spent in this place.
 E = Time spent auto-exploring this place.
 F = Levels seen in this place.
 G = Mean time per level.
                   A        B        C        D        E       F      G
               +--------+--------+--------+--------+--------+-----+--------+
         Total |   9738 |   9522 |    216 |   2914 |   4384 |  11 |  885.3 |
       Dungeon |   8564 |   8348 |    216 |   2467 |   4127 |   9 |  951.6 |
         Sewer |    356 |    356 |      0 |      0 |    127 |   1 |  356.0 |
        Bailey |    817 |    817 |      0 |    447 |    129 |   1 |  817.0 |
               +--------+--------+--------+--------+--------+-----+--------+

Top non-repeatable levels by time:
     D:4: 1485 daAuts
     D:6: 1357 daAuts
     D:2: 1236 daAuts
     D:3: 1222 daAuts
     D:7: 1062 daAuts
     D:5: 970 daAuts
  Bailey: 817 daAuts
     D:8: 696 daAuts
     D:1: 440 daAuts
   Sewer: 356 daAuts
     D:9: 91 daAuts
